[ PARTIDA AOE2 · #495682979 ]
UnrankedSicilianos vs Malay
Equipo del jugador · DERR
Equipo rival · VICT
[ ANÁLISIS DE REPETICIÓN · EXTRAÍDO DE LA PARTIDA GRABADA ]
Feudal
8:51
Castillos
24:03
Imperial
—
| APM promedio | 36.7 |
| APM pico | 75 |
| eAPM promedio | 17.6 |
| Aldeanos / militares | 51 / 27 |
Foco
⚔️ 33.7% · 🌾 66.3%
Serjeant ×27
Feudal
8:23
Castillos
20:29
Imperial
—
| APM promedio | 82.1 |
| APM pico | 116 |
| eAPM promedio | 41.7 |
| Aldeanos / militares | 73 / 44 |
Foco
⚔️ 55.7% · 🌾 44.3%
Archer ×31 · Monk ×8 · Militia ×4 · Spearman ×1
Mapa de la partida
Recursos iniciales + cada clic de construcción. Líneas = muros · curvas = relieve. ◆ oro · ⬟ piedra · ● bayas · ✦ reliquia · ◌ hueco del cierre
Tu base· Abierta — hueco de 4t
Base de MO· Abierta — flanco sin cerrar
Terreno inicial suavizado · ◌ = hueco del cierre detectado · pasá el cursor para detalles
Inputs por minuto
— Lorenz - - MO
Build order — Lorenz
148 acciones detectadas en el replay
| 0:00 | Crear | Villager (Male) |
| 0:01 | Crear | Villager (Male) |
| 0:01 | Crear | Villager (Male) |
| 0:02 | Construir | House |
| 0:03 | Construir | House |
| 0:11 | Crear | Villager (Male) |
| 1:23 | Crear | Villager (Male) |
| 1:57 | Construir | Lumber Camp |
| 1:59 | Crear | Villager (Male) |
| 2:20 | Crear | Villager (Male) |
| 2:52 | Crear | Villager (Male) |
| 2:52 | Crear | Villager (Male) |
| 2:59 | Crear | Villager (Male) |
| 3:39 | Construir | House |
| 3:46 | Crear | Villager (Male) |
| 4:05 | Crear | Villager (Male) |
| 4:10 | Crear | Villager (Male) |
| 4:44 | Crear | Villager (Male) |
| 5:04 | Crear | Villager (Male) |
| 5:32 | Construir | House |
| 5:33 | Construir | Mill |
| 5:37 | Crear | Villager (Male) |
| 5:52 | Investigar | Loom |
| 6:36 | Investigar | Feudal Age |
| 6:36 | Investigar | Feudal Age |
| 7:36 | Construir | Barracks |
| 7:44 | Crear | Villager (Male) |
| 8:13 | Construir | Donjon |
| 8:39 | Construir | Mining Camp |
| 8:51 | Edad | Edad Feudal |
| 8:52 | Construir | House |
| 9:02 | Investigar | Double-Bit Axe |
| 9:02 | Investigar | Double-Bit Axe |
| 9:23 | Crear | Villager (Male) |
| 9:31 | Crear | Serjeant |
| 9:31 | Crear | Serjeant |
| 9:40 | Crear | Villager (Male) |
| 9:52 | Crear | Villager (Male) |
| 10:05 | Crear | Serjeant |
| 10:18 | Crear | Villager (Male) |
| 10:59 | Crear | Serjeant |
| 10:59 | Crear | Villager (Male) |
| 11:04 | Construir | House |
| 11:11 | Investigar | Town Watch |
| 11:16 | Construir | Blacksmith |
| 11:23 | Construir | House |
| 11:30 | Crear | Villager (Male) |
| 11:40 | Crear | Serjeant |
| 11:43 | Construir | Farm |
| 11:44 | Construir | Farm |
| 11:54 | Crear | Villager (Male) |
| 11:59 | Investigar | Horse Collar |
| 12:11 | Construir | Palisade Wall |
| 12:31 | Crear | Villager (Male) |
| 12:34 | Construir | Palisade Wall |
| 12:41 | Crear | Serjeant |
| 12:55 | Construir | Farm |
| 12:57 | Construir | Farm |
| 13:01 | Construir | Palisade Wall |
| 13:04 | Crear | Villager (Male) |
| 13:18 | Construir | Farm |
| 13:42 | Crear | Villager (Male) |
| 13:47 | Construir | Palisade Wall |
| 13:49 | Construir | Farm |
| 13:52 | Investigar | Scale Mail Armor |
| 14:02 | Crear | Villager (Male) |
| 14:09 | Construir | Farm |
| 14:23 | Construir | House |
| 14:30 | Crear | Serjeant |
| 14:39 | Crear | Villager (Male) |
| 14:53 | Crear | Serjeant |
| 14:57 | Construir | Lumber Camp |
| 15:23 | Construir | House |
| 15:26 | Construir | House |
| 15:28 | Crear | Villager (Male) |
| 15:41 | Crear | Villager (Male) |
| 15:55 | Construir | Mining Camp |
| 16:14 | Crear | Villager (Male) |
| 16:27 | Crear | Villager (Male) |
| 17:02 | Crear | Villager (Male) |
| 17:05 | Construir | Farm |
| 17:22 | Crear | Villager (Male) |
| 17:29 | Construir | Mining Camp |
| 17:45 | Crear | Villager (Male) |
| 17:54 | Construir | Donjon |
| 18:07 | Crear | Villager (Male) |
| 18:38 | Investigar | Fletching |
| 18:46 | Crear | Villager (Male) |
| 18:48 | Construir | Farm |
| 19:04 | Construir | Mill |
| 19:04 | Construir | Farm |
| 19:05 | Construir | Farm |
| 19:05 | Construir | Farm |
| 19:05 | Construir | Farm |
| 19:05 | Construir | Farm |
| 19:05 | Construir | Farm |
| 19:06 | Construir | Farm |
| 19:06 | Construir | Farm |
| 19:06 | Construir | Farm |
| 19:10 | Crear | Villager (Male) |
| 19:30 | Crear | Villager (Male) |
| 19:58 | Crear | Villager (Male) |
| 20:11 | Construir | Market |
| 20:13 | Crear | Villager (Male) |
| 20:39 | Crear | Villager (Male) |
| 20:49 | Construir | Palisade Wall |
| 20:51 | Construir | Palisade Wall |
| 20:52 | Construir | Palisade Wall |
| 20:53 | Construir | Palisade Wall |
| 20:58 | Crear | Villager (Male) |
| 21:23 | Investigar | Castle Age |
| 21:57 | Construir | Donjon |
| 22:02 | Crear | Serjeant |
| 22:02 | Crear | Serjeant |
| 22:09 | Construir | Farm |
| 22:12 | Construir | Farm |
| 22:15 | Crear | Serjeant |
| 22:26 | Crear | Serjeant |
| 22:40 | Crear | Serjeant |
| 22:45 | Crear | Serjeant |
| 22:56 | Crear | Serjeant |
| 23:08 | Crear | Serjeant |
| 23:09 | Crear | Serjeant |
| 23:19 | Crear | Serjeant |
| 23:26 | Crear | Villager (Male) |
| 23:35 | Construir | Farm |
| 23:39 | Crear | Serjeant |
| 23:53 | Crear | Serjeant |
| 24:03 | Edad | Edad de los Castillos |
| 24:09 | Investigar | Squires |
| 24:22 | Investigar | Chain Mail Armor |
| 24:50 | Construir | Monastery |
| 24:56 | Crear | Villager (Male) |
| 24:57 | Crear | Serjeant |
| 24:57 | Crear | Serjeant |
| 25:14 | Crear | Villager (Male) |
| 25:15 | Crear | Serjeant |
| 25:16 | Crear | Serjeant |
| 25:20 | Construir | House |
| 25:33 | Crear | Villager (Male) |
| 25:43 | Investigar | Devotion |
| 25:47 | Crear | Villager (Male) |
| 25:51 | Crear | Serjeant |
| 26:08 | Crear | Villager (Male) |
| 26:23 | Construir | Castle |
| 26:30 | Crear | Serjeant |
| 26:41 | Crear | Villager (Male) |
| 26:47 | Crear | Serjeant |
Build order — MO
Primeras 150 de 202 acciones detectadas
| 0:00 | Crear | Villager (Male) |
| 0:01 | Crear | Villager (Male) |
| 0:01 | Crear | Villager (Male) |
| 0:02 | Construir | House |
| 0:04 | Construir | House |
| 0:16 | Crear | Villager (Male) |
| 1:36 | Crear | Villager (Male) |
| 1:54 | Construir | Lumber Camp |
| 1:59 | Crear | Villager (Male) |
| 2:17 | Crear | Villager (Male) |
| 2:39 | Crear | Villager (Male) |
| 3:01 | Crear | Villager (Male) |
| 3:02 | Crear | Villager (Male) |
| 3:13 | Crear | Villager (Male) |
| 3:34 | Crear | Villager (Male) |
| 3:49 | Construir | House |
| 4:18 | Crear | Villager (Male) |
| 4:22 | Construir | House |
| 4:59 | Crear | Villager (Male) |
| 5:18 | Construir | Barracks |
| 5:21 | Crear | Villager (Male) |
| 5:30 | Crear | Villager (Male) |
| 6:09 | Crear | Villager (Male) |
| 6:11 | Investigar | Loom |
| 6:51 | Construir | Mining Camp |
| 7:01 | Investigar | Feudal Age |
| 7:10 | Crear | Militia |
| 7:10 | Crear | Militia |
| 7:31 | Crear | Militia |
| 7:31 | Crear | Militia |
| 7:43 | Construir | House |
| 8:23 | Edad | Edad Feudal |
| 8:25 | Crear | Villager (Male) |
| 8:29 | Investigar | Man-at-Arms (upgrade) |
| 8:29 | Investigar | Man-at-Arms (upgrade) |
| 8:40 | Crear | Villager (Male) |
| 9:05 | Crear | Villager (Male) |
| 9:18 | Crear | Villager (Male) |
| 9:20 | Construir | Archery Range |
| 9:25 | Crear | Spearman |
| 9:38 | Crear | Villager (Male) |
| 10:16 | Crear | Archer |
| 10:17 | Construir | Palisade Wall |
| 10:28 | Construir | Mill |
| 10:32 | Crear | Villager (Male) |
| 10:53 | Crear | Villager (Male) |
| 11:02 | Construir | Farm |
| 11:17 | Crear | Archer |
| 11:21 | Construir | House |
| 11:30 | Crear | Villager (Male) |
| 11:37 | Crear | Villager (Male) |
| 11:44 | Construir | Farm |
| 11:54 | Investigar | Double-Bit Axe |
| 11:55 | Investigar | Double-Bit Axe |
| 11:59 | Crear | Archer |
| 12:03 | Construir | House |
| 12:21 | Crear | Villager (Male) |
| 12:27 | Construir | House |
| 12:28 | Construir | Palisade Wall |
| 12:30 | Crear | Archer |
| 12:39 | Construir | House |
| 12:56 | Construir | Farm |
| 12:56 | Construir | Farm |
| 12:57 | Crear | Villager (Male) |
| 13:12 | Crear | Archer |
| 13:24 | Crear | Villager (Male) |
| 13:27 | Construir | Farm |
| 13:32 | Crear | Archer |
| 13:42 | Crear | Archer |
| 13:44 | Crear | Villager (Male) |
| 13:52 | Construir | Farm |
| 13:56 | Construir | Farm |
| 14:11 | Crear | Villager (Male) |
| 14:12 | Construir | Farm |
| 14:20 | Crear | Archer |
| 14:30 | Crear | Villager (Male) |
| 14:51 | Construir | Blacksmith |
| 14:54 | Crear | Villager (Male) |
| 15:00 | Crear | Archer |
| 15:00 | Crear | Archer |
| 15:13 | Construir | House |
| 15:23 | Crear | Villager (Male) |
| 15:36 | Investigar | Fletching |
| 15:36 | Investigar | Fletching |
| 15:41 | Crear | Villager (Male) |
| 15:42 | Construir | Farm |
| 15:43 | Crear | Archer |
| 15:44 | Crear | Archer |
| 15:54 | Crear | Villager (Male) |
| 16:17 | Crear | Archer |
| 16:18 | Investigar | Horse Collar |
| 16:19 | Crear | Villager (Male) |
| 16:24 | Construir | Farm |
| 16:34 | Crear | Archer |
| 16:37 | Crear | Villager (Male) |
| 17:03 | Crear | Archer |
| 17:06 | Construir | Farm |
| 17:07 | Construir | Farm |
| 17:32 | Crear | Villager (Male) |
| 17:42 | Construir | Market |
| 17:51 | Crear | Villager (Male) |
| 17:53 | Crear | Archer |
| 18:17 | Crear | Archer |
| 18:28 | Crear | Villager (Male) |
| 18:30 | Construir | Farm |
| 18:32 | Construir | Lumber Camp |
| 18:44 | Investigar | Castle Age |
| 18:57 | Crear | Archer |
| 19:16 | Construir | House |
| 19:18 | Construir | House |
| 19:19 | Construir | Palisade Wall |
| 19:23 | Construir | Palisade Wall |
| 19:31 | Investigar | Padded Archer Armor |
| 19:32 | Crear | Archer |
| 19:37 | Construir | Stable |
| 19:48 | Investigar | Gold Mining |
| 19:49 | Investigar | Gold Mining |
| 19:51 | Crear | Archer |
| 20:17 | Construir | House |
| 20:21 | Construir | Farm |
| 20:22 | Construir | Farm |
| 20:25 | Crear | Villager (Male) |
| 20:29 | Edad | Edad de los Castillos |
| 20:32 | Construir | Town Center |
| 20:38 | Construir | Town Center |
| 20:47 | Investigar | Bodkin Arrow |
| 20:47 | Investigar | Bodkin Arrow |
| 20:53 | Construir | Farm |
| 20:54 | Crear | Villager (Male) |
| 21:11 | Construir | Monastery |
| 21:12 | Crear | Villager (Male) |
| 21:22 | Construir | Farm |
| 21:27 | Crear | Villager (Male) |
| 21:38 | Investigar | Bow Saw |
| 21:47 | Crear | Villager (Male) |
| 21:48 | Crear | Archer |
| 22:03 | Crear | Villager (Male) |
| 22:09 | Construir | Monastery |
| 22:13 | Construir | House |
| 22:14 | Crear | Villager (Male) |
| 22:26 | Investigar | Crossbowman (upgrade) |
| 22:27 | Investigar | Crossbowman (upgrade) |
| 22:33 | Crear | Villager (Male) |
| 22:50 | Crear | Villager (Male) |
| 22:51 | Construir | Farm |
| 22:51 | Construir | Farm |
| 22:54 | Crear | Monk |
| 22:55 | Construir | House |
| 23:04 | Construir | Town Center |
| 23:05 | Crear | Villager (Male) |
Cronología de la partida
| 5:18 | MO · first_building Barracks |
| 7:36 | Lorenz · first_building Barracks |
| 8:13 | Lorenz · first_building Donjon |
| 8:23 | MO · age_up feudal |
| 8:51 | Lorenz · age_up feudal |
| 9:20 | MO · first_building Archery Range |
| 10:17 | MO · wall_segment Palisade Wall x3 |
| 12:11 | Lorenz · wall_segment Palisade Wall x7 |
| 12:28 | MO · wall_segment Palisade Wall x1 |
| 12:34 | Lorenz · wall_segment Palisade Wall x3 |
| 13:01 | Lorenz · wall_segment Palisade Wall x4 |
| 13:47 | Lorenz · wall_segment Palisade Wall x13 |
| 18:36 | MO · first_market_buy 100 food |
| 19:19 | MO · wall_segment Palisade Wall x10 |
| 19:23 | MO · wall_segment Palisade Wall x9 |
| 19:37 | MO · first_building Stable |
| 20:29 | MO · age_up castle |
| 20:49 | Lorenz · wall_segment Palisade Wall x1 |
| 20:51 | Lorenz · wall_segment Palisade Wall x1 |
| 20:52 | Lorenz · wall_segment Palisade Wall x1 |
| 20:53 | Lorenz · wall_segment Palisade Wall x1 |
| 21:11 | Lorenz · first_market_buy 100 food |
| 21:11 | MO · first_building Monastery |
| 21:13 | Lorenz · first_market_sell 100 wood |
| 24:03 | Lorenz · age_up castle |
| 24:50 | Lorenz · first_building Monastery |
| 26:23 | Lorenz · first_building Castle |
| 26:48 | MO · first_building Siege Workshop |
| 27:16 | Lorenz · resign |
[ ANÁLISIS IA · 1 CRÉDITO ]
¿Qué pasó realmente en esta partida?
Wolo.gg analiza cada decisión: build order, eco, micro, errores típicos por bracket. Análisis personalizado por WhatsApp o Discord en 30 segundos.
Guía civ
Sicilianos
Perfil
Lorenz